Map: Prion Terraces

Players

Mariuslol

  • Race: Zerg Zerg
  • League: Diamond

MorN - Winner!

  • Race: Terran Terran
  • League: Master

VOD

Have the link to the VOD?

Description

Time

  • Played on: Nov. 20, 2015, 6:35 p.m.
  • Length: 12:22
Show
View Real Time Build Order
Export as new Build Order

Mariuslol Zerg 

Build Orders: Hatch First 

Get SALT Encoding   

  12  0:00  Drone  
  13  0:13  Overlord  
  13  0:19  Drone  
  14  0:32  Drone x2  
  16  0:36  Drone  
  17  0:53  Hatchery  
  17  0:56  Drone  
  17  1:06  Extractor  
  17  1:07  Drone  
  17  1:08  Drone  
  18  1:22  Spawning Pool  
  18  1:23  Drone  
  18  1:29  Drone  
  19  1:41  Drone  
  20  1:51  Overlord  
  20  2:08  Queen  
  20  2:10  Queen  
  20  2:11  Zergling x4  
  20  2:15  Zergling x2  
  27  2:20  Metabolic Boost  
  27  2:22  Drone  
  28  2:23  Drone  
  28  2:37  Overlord  
  28  2:38  Drone x2  
  30  2:44  Queen  
  30  2:45  Drone  
  30  2:50  Queen  
  35  2:55  Drone x2  
  37  3:03  Drone  
  38  3:08  Drone  
  38  3:09  Extractor  
  38  3:11  Drone, Extractor  
  36  3:16  Drone  
  36  3:20  Drone  
  36  3:21  Drone x3  
  36  3:24  Drone  
  36  3:26  Drone  
  38  3:37  Drone  
  38  3:38  Drone x2  
  41  3:45  Overlord  
  41  3:50  Drone, Roach Warren  
  41  3:53  Drone  
  42  3:57  Drone  
  43  4:03  Drone  
  43  4:04  Drone  
  45  4:10  Drone x4  
  49  4:17  Spore Crawler  
  49  4:19  Spore Crawler  
  47  4:28  Drone x4  
  51  4:32  Drone  
  51  4:33  Overlord  
  52  4:40  Overlord x2  
  52  4:54  Overlord  
  52  4:55  Overlord  
  52  5:02  Roach  
  52  5:03  Roach x4  
  62  5:12  Roach x3  
  62  5:14  Roach  
  70  5:16  Drone, Extractor  
  70  5:24  Drone x5  
  75  5:35  Roach x2  
  79  5:43  Overlord  
  79  5:44  Roach x2  
  79  5:46  Overlord  
  79  5:48  Ravager x4  
  79  5:49  Ravager x4  
  91  5:51  Drone  
  92  6:11  Hatchery  
  91  6:13  Overlord  
  91  6:16  Lair  
  91  6:19  Drone x3  
  91  6:20  Evolution Chamber x2  
  92  6:28  Overlord  
  92  6:29  Drone x3  
  92  6:31  Drone  
  96  6:36  Drone x2  
  96  6:37  Drone x2  
  96  6:39  Drone  
  101  6:40  Drone  
  102  6:48  Drone  
  103  6:58  Overlord  
  103  7:00  Zerg Missile Weapons Level 1, Spore Crawler, Spine Crawler  
  103  7:01  Zerg Ground Armor Level 1  
  101  7:06  Roach x2  
  105  7:11  Roach x2  
  105  7:13  Roach  
  105  7:14  Roach  
  113  7:17  Roach  
  109  7:29  Roach x2  
  110  7:30  Drone x4  
  110  7:35  Drone  
  110  7:36  Drone, Spire  
  112  7:38  Extractor  
  112  7:39  Extractor  
  110  7:49  Drone x3  
  113  7:54  Drone  
  113  7:55  Drone  
  113  7:56  Hatchery  
  114  7:58  Ravager  
  114  7:59  Ravager x8  
  114  8:01  Drone  
  124  8:16  Spine Crawler  
  124  8:17  Spine Crawler  
  122  8:25  Hatchery  
  122  8:26  Overlord x2, Pneumatized Carapace  
  121  8:32  Overlord x3  
  115  8:51  Mutalisk  
  115  8:52  Mutalisk x6  
  126  9:00  Zerg Melee Weapons Level 1  
  126  9:07  Baneling Nest  
  125  9:11  Overlord, Zergling x2  
  125  9:12  Zergling x22  
  137  9:23  Overlord  
  137  9:24  Zergling x8  
  141  9:32  Overlord  
  141  9:33  Zergling x4  
  141  9:38  Overlord x2  
  143  9:40  Drone  
  143  9:41  Drone x7  
  143  9:43  Infestation Pit  
  150  9:50  Overlord  
  150  9:57  Overlord x2, Mutalisk  
  150  9:58  Mutalisk x2  
  154  10:02  Drone x2, Spore Crawler  
  154  10:05  Spine Crawler  
  154  10:06  Extractor  
  149  10:14  Overlord  
  149  10:15  Centrifical Hooks  
  149  10:19  Mutalisk  
  149  10:20  Mutalisk x4  
  149  10:22  Glial Reconstitution  
  149  10:24  Zerg Flyer Weapons Level 1  
  143  10:47  Overlord  
  143  10:48  Zergling x2  
  143  10:49  Zergling x28  
  158  10:56  Hive  
  158  11:00  Baneling  
  158  11:01  Baneling x11  
  158  11:02  Baneling  
  158  11:03  Overseer  
  158  11:08  Corruptor  
  132  11:26  Zergling x6  
  132  11:27  Zergling x18  
  132  11:32  Zergling x12  
  92  11:42  Mutalisk x2  
  92  11:43  Zergling x2  
  97  11:49  Baneling x6  
  97  11:50  Baneling x9  
  97  11:51  Overseer  
  97  11:53  Zergling x2  
  98  11:56  Zergling x4  
Show
View Real Time Build Order
Export as new Build Order

MorN Terran - Winner!

Build Orders: Reaper Expand, MMM Bio 

Get SALT Encoding   

  12  0:01  SCV  
  13  0:13  SCV  
  14  0:17  Supply Depot  
  14  0:25  SCV  
  15  0:38  SCV  
  15  0:40  Barracks  
  16  0:46  Refinery  
  16  0:54  SCV  
  17  1:06  SCV  
  18  1:18  SCV  
  19  1:30  Reaper  
  19  1:32  Orbital Command  
  20  1:42  Command Center  
  20  1:50  Supply Depot  
  20  1:58  SCV  
  21  2:02  Reaper  
  22  2:12  SCV  
  23  2:26  Factory  
  23  2:49  SCV  
  23  2:51  Barracks Reactor  
  24  2:52  Command Center, Refinery  
  24  2:56  Orbital Command  
  24  3:01  SCV  
  25  3:13  SCV  
  25  3:32  SCV, Starport  
  26  3:36  SCV, Hellion x2  
  26  3:37  Barracks Tech Lab  
  31  3:44  SCV  
  32  3:50  SCV  
  33  3:57  SCV, Hellion x2  
  33  3:58  Stimpack  
  33  3:59  Marine  
  33  4:02  SCV  
  39  4:04  Liberator  
  39  4:06  Orbital Command  
  39  4:09  SCV  
  40  4:10  Supply Depot  
  40  4:14  SCV  
  41  4:21  SCV  
  45  4:25  Marine  
  45  4:26  SCV  
  45  4:27  Hellion x2  
  51  4:33  SCV x2  
  51  4:34  Supply Depot  
  53  4:42  SCV, Engineering Bay  
  53  4:43  Engineering Bay  
  53  4:44  Refinery  
  54  4:47  SCV  
  55  4:55  SCV  
  55  4:57  Bunker  
  55  4:58  Widow Mine x2  
  60  5:02  Supply Depot, Marauder  
  62  5:11  SCV  
  63  5:15  Refinery  
  63  5:16  SCV x2  
  63  5:18  Starport Reactor  
  65  5:31  Barracks  
  65  5:32  SCV x2, Barracks  
  65  5:33  Terran Infantry Weapons Level 1, Terran Infantry Armor Level 1, SCV  
  68  5:36  Factory Reactor  
  68  5:38  Supply Depot  
  68  5:44  SCV  
  68  5:46  Marine  
  70  5:54  SCV  
  70  5:55  Supply Depot  
  71  6:00  SCV  
  71  6:02  Combat Shields  
  70  6:18  Marauder  
  72  6:22  Bunker  
  72  6:23  Bunker  
  72  6:32  SCV  
  73  6:34  Supply Depot, Factory Tech Lab  
  73  6:36  Marine x4  
  73  6:39  Marauder  
  79  6:45  Armory, Orbital Command  
  79  6:46  Barracks  
  79  6:47  Barracks  
  79  6:48  Medivac x2  
  79  6:51  SCV  
  79  6:53  SCV  
  85  6:58  Marine x2  
  85  7:01  Marauder  
  89  7:22  Marauder  
  85  7:30  Orbital Command  
  81  7:39  Siege Tank, Marine x3  
  81  7:40  Barracks Reactor, Barracks Tech Lab  
  87  7:45  Terran Infantry Armor Level 2, Terran Infantry Weapons Level 2, Barracks, Terran Vehicle Weapons Level 1  
  87  7:46  Barracks  
  87  7:47  Barracks  
  87  8:06  Marine  
  87  8:07  Marauder x2, Marine  
  87  8:11  Siege Tank  
  96  8:14  Factory  
  96  8:15  SCV x3  
  99  8:21  Marine x3  
  99  8:24  Supply Depot  
  99  8:25  Marine x2  
  104  8:27  Supply Depot, SCV  
  104  8:28  SCV, Marauder  
  104  8:32  SCV, Supply Depot  
  109  8:34  Supply Depot  
  109  8:35  Supply Depot, Barracks Tech Lab x2  
  109  8:36  Barracks Reactor  
  109  8:37  Barracks Reactor  
  109  8:42  Marine x2  
  109  8:46  Marauder, Medivac x2  
  115  8:50  Marauder  
  117  8:59  Marine x3  
  117  9:00  Marauder  
  117  9:02  Factory Reactor  
  122  9:06  Refinery  
  122  9:08  SCV x2, Marauder  
  122  9:09  SCV, Marine  
  127  9:10  Marine x2  
  127  9:11  Marauder  
  127  9:13  Supply Depot  
  127  9:15  Supply Depot  
  132  9:20  SCV  
  133  9:28  Supply Depot  
  133  9:29  Medivac x2, Marine x2  
  133  9:30  SCV x2  
  141  9:32  SCV, Marauder, Marine x2  
  146  9:42  SCV x2  
  146  9:44  SCV  
  146  9:45  Liberator x2  
  149  9:46  Marine x3  
  149  9:47  Marauder x2  
  149  9:50  Marine x2  
  158  9:54  SCV, Marauder  
  155  10:04  Widow Mine x2  
  155  10:07  Starport  
  161  10:08  Missile Turret  
  157  10:17  Marine x2  
  157  10:18  Marine x6  
  157  10:19  Marauder x3, Marine x2  
  168  10:27  Widow Mine  
  169  10:31  Supply Depot  
  169  10:32  Widow Mine  
  169  10:35  Marine x2  
  171  10:37  Marine x2  
  173  10:48  Command Center  
  173  10:53  Marauder x2, Marine x4  
  181  11:04  Refinery  
  181  11:10  Thor, Marauder, Marine  
  190  11:15  Marauder  
  130  11:34  Marine x4  
  130  11:35  Marauder x2, Marine  
  130  11:37  Marine x2  
  130  11:38  Marauder  
  131  11:41  Marine x3  
  131  11:46  Medivac x2  
  138  11:47  Widow Mine x2  
  138  11:52  Marine x3  
  145  11:56  Marauder  
  145  11:57  Marauder  
  145  11:59  Marauder  
  145  12:00  Marine x6  
  145  12:01  Marine  
  143  12:20  Starport Reactor  
Tags
 
Add a new tag
Caveats
  • Supply blocks, unpowered buildings, or Contaminate may cause inaccurate times.
  • Supply counts are checked every 10 seconds.